 Dungeon Crawl Stone Soup version 0.31.0-32-g396128a36d (webtiles) character file.

Game seed: 18317959370579876369

1029 masse the Sneak (level 8, -4/61 HPs)
             Began as a Vampire Reaver on Mar 9, 2024.
             Was an Initiate of Dithmenos.
             Killed from afar by an orc wizard (12 damage)
             ... with a puff of flame
             ... on level 6 of the Dungeon.
             The game lasted 00:47:12 (4780 turns).

masse the Sneak (Vampire Reaver)                    Turns: 4780, Time: 00:47:12

Health: -4/61      AC:  5    Str: 13    XL:     8   Next: 3%
Magic:  11/11      EV: 19    Int: 15    God:    Dithmenos [......]
Gold:   436        SH:  0    Dex: 19    Spells: 8/11 levels left

rFire   . . .        w - +0 rapier
rCold   . . .        (no shield)
rNeg    . . .        b - +0 leather armour
rPois   +            (no helmet)
rElec   .            (no cloak)
rCorr   .            j - +0 pair of gloves
SInv    +            v - +0 pair of boots
Will    .....        (no amulet)
Stlth   ++++         e - +6 ring of dexterity
HPRegen 0.50/turn    f - +5 ring of evasion
MPRegen 0.12/turn

%: no passive effects
@: healing quickly
A: alive, fangs 3, see invisible, vampiric 2, poison resistance, subdued magic 1
a: Exsanguinate, Renounce Religion


You were on level 6 of the Dungeon.
You worshipped Dithmenos.
Dithmenos was noncommittal.
You visited 1 branch of the dungeon, and saw 6 of its levels.

You collected 1400 gold pieces.
You spent 964 gold pieces at shops.

Inventory:

Hand Weapons
 a - a +0 short sword
 g - a +2 falchion of freezing
 h - a +4 vampiric trident
 s - a +0 dagger
 w - a +0 rapier (weapon)
Armour
 b - a +0 leather armour (worn)
 d - a +0 ring mail
 j - a +0 pair of gloves (worn)
 p - a +0 plate armour
 v - a +0 pair of boots (worn)
Jewellery
 e - a +6 ring of dexterity (left hand)
 f - a +5 ring of evasion (right hand)
 k - an amulet of regeneration
Wands
 t - a wand of flame (2) (quivered)
 x - a wand of polymorph (7)
Scrolls
 i - a scroll of fog
 l - a scroll of teleportation
 r - a scroll of vulnerability
Potions
 c - 2 potions of curing
 m - a potion of mutation
 n - a potion of lignification
 u - a potion of enlightenment


   Skills:
 + Level 4.5 Fighting
 + Level 6.0 Short Blades
 + Level 5.2 Dodging
 + Level 7.0 Stealth
 - Level 2.2 Spellcasting
 - Level 2.4 Conjurations


You had 8 spell levels left.
You knew the following spells:

 Your Spells              Type           Power      Damage    Failure   Level
a - Kiss of Death         Conj/Necr      16%        2d6       14%         1
b - Blink                 Tloc           2%         N/A       34%         2

Your spell library contained the following spells:

 Spells                   Type           Power      Damage    Failure   Level
 Magic Dart               Conj           24%        1d4       9%          1
 Momentum Strike          Conj/Tloc      8%         3d8       22%         2
 Apportation              Tloc           2%         N/A       24%         1
 Call Imp                 Summ           2%         N/A       34%         2
 Cigotuvi's Dreadful Rot  Necr/Alch/Air  2%         N/A       34%         2
 Jinxbite                 Hex            2%         N/A       34%         2
 Hailstorm                Conj/Ice       4%         3d5       41%         3
 Dispel Undead            Necr           1%         3d6       94%         4
 Martyr's Knell           Necr/Summ      1%         N/A       94%         4
 Alistair's Intoxication  Alch           0%         N/A       100%        5
 Death Channel            Necr           0%         N/A       100%        6


Dungeon Overview and Level Annotations

Branches:
Dungeon (6/15)
 Temple: D:4-7

Altars:
Cheibriados
Dithmenos
Hepliaklqana
Okawaru
Wu Jian
Yredelemnul

Shops:
D:1 *   D:3 =


Innate Abilities, Weirdness & Mutations

Your natural rate of healing is accelerated.
You have razor-sharp teeth.
You have supernaturally acute eyesight. (SInv)
You are afflicted with vampirism and can become a bat while bloodless.
Your system is resistant to poisons. (rPois)
Your spells are a little easier to cast, but a little less powerful.


Message History

The orc priest invokes the aid of Beogh against you.
Pain shoots through your body!
Things that are here:
a +0 whip; a +0 ring mail; an orc corpse You miss the orc wizard.
The iguana misses you. The orc wizard barely misses you.
The orc priest misses you.
You hit the orc wizard.
The orc wizard is lightly wounded.
The iguana bites you.
The orc wizard hits you but does no damage.
The orc priest looks satisfied for a moment.
You miss the orc wizard. Your bite misses the orc wizard.
The orc wizard is lightly wounded.
The iguana closely misses you. The orc wizard misses you.
The orc priest closely misses you.
You barely miss the orc wizard. Your bite misses the orc wizard.
The iguana bites you!
The orc wizard hits you but does no damage.
The orc priest misses you.
You barely miss the orc wizard. The iguana bites you!
* * * LOW HITPOINT WARNING * * *
The orc wizard casts a spell at you.
You easily resist.
The orc priest hits you with a +0 falchion.
* * * LOW HITPOINT WARNING * * *
You hit the orc wizard.
The orc wizard is moderately wounded.
The iguana barely misses you.
The orc wizard mumbles some strange words.
The orc wizard flickers and vanishes for a moment.
The orc priest hits you but does no damage.
You hit the orc wizard but do no damage.
The orc wizard is moderately wounded.
The orc wizard misses you. The iguana misses you.
You hit the orc wizard.
The orc wizard is moderately wounded.
The orc priest misses you. The iguana misses you.
The orc wizard points at you and mumbles some strange words.
The puff of flame hits you!
You die...

#..##..#.........
#...............$
#..........#....
#..#............
##...#...........
#............#...
##...............
#.###.#......... ###
#.#.@o......
#.##...ol...... ...# #
#.#.##......... #...#.
#.#..#...........
#...###.###...#........
#..#.#..#...###.......
#...# #....## #....#
#...###..##.# .#...#
#........#### .....##


You could see an iguana, an orc priest and an orc wizard (invisible).

Vanquished Creatures
  Grinder (D:5)
  A human (D:4)
  2 black bears (D:5)
  An ogre (D:4)
  A gnoll sergeant (D:6)
  A bombardier beetle (D:3)
  A jelly (D:5)
  2 hounds
  3 orc priests
  3 iguanas (D:5)
  3 gnolls (D:6)
  4 adders
  3 dart slugs
  3 ribbon worms (D:3)
  17 orcs
  8 endoplasms
  6 giant cockroaches
  6 goblins
  12 hobgoblins
  9 jackals (D:3)
  8 quokkas
  15 ball pythons
  6 bats
  5 frilled lizards
  9 kobolds
  2 kobold zombies (D:4)
  9 rats
141 creatures vanquished.

Notes
Turn   | Place    | Note
-------+----------+-------------------------------------------
     0 | D:1      | masse the Vampire Reaver began the quest for the Orb.
     0 | D:1      | Reached XP level 1. HP: 16/16 MP: 3/3
   200 | D:1      | Reached XP level 2. HP: 8/14 MP: 5/5
   268 | D:1      | Reached skill level 1 in Stealth
   330 | D:1      | Found Moigaed's General Store.
   376 | D:1      | Bought a scroll of identify for 28 gold pieces
   628 | D:1      | Gained mutation: You are afflicted with vampirism and can
                  | become a bat while bloodless. [Vampire growth]
   628 | D:1      | Reached XP level 3. HP: 22/24 MP: 6/6
  1015 | D:2      | Reached skill level 2 in Stealth
  1222 | D:2      | Found a hazy altar of Hepliaklqana.
  1276 | D:2      | Reached XP level 4. HP: 34/34 MP: 7/7
  2024 | D:3      | Reached skill level 3 in Stealth
  2065 | D:3      | Found Vituehiwke's Jewellery Boutique.
  2102 | D:3      | Reached XP level 5. HP: 14/39 MP: 8/8
  2507 | D:3      | Found an ornate altar of the Wu Jian Council.
  2852 | D:3      | Identified a scroll of acquirement
  2852 | D:3      | Acquired 1036 gold pieces
  2924 | D:3      | Bought a +6 ring of dexterity for 468 gold pieces
  2924 | D:3      | Bought a +5 ring of evasion for 468 gold pieces
  2967 | D:4      | Noticed an ogre
  2991 | D:4      | Killed an ogre
  2992 | D:4      | Reached skill level 4 in Stealth
  3110 | D:4      | Reached XP level 6. HP: 29/47 MP: 9/9
  3430 | D:4      | Found a runed translucent door.
  3430 | D:4      | Noticed a human
  3434 | D:4      | Found a basalt altar of Yredelemnul.
  3475 | D:4      | Killed a human
  3676 | D:5      | Entered Level 5 of the Dungeon
  3730 | D:5      | Reached skill level 5 in Short Blades
  3730 | D:5      | Reached skill level 5 in Stealth
  3766 | D:5      | Noticed Grinder
  3766 | D:5      | Paralysed by Grinder for 5 turns
  3791 | D:5      | Gained mutation: Your spells are a little easier to cast,
                  | but a little less powerful. [potion of mutation]
  3791 | D:5      | Gained mutation: Your system is resistant to poisons.
                  | (rPois) [potion of mutation]
  3805 | D:5      | Paralysed by Grinder for 2 turns
  3807 | D:5      | Killed Grinder
  3808 | D:5      | Reached XP level 7. HP: 51/54 MP: 10/10
  3899 | D:5      | Found a shadowy altar of Dithmenos.
  3935 | D:5      | Found a snail-covered altar of Cheibriados.
  3990 | D:5      | Found an iron altar of Okawaru.
  4021 | D:5      | Reached skill level 6 in Stealth
  4211 | D:5      | Reached skill level 5 in Dodging
  4462 | D:5      | Learned a level 2 spell: Blink
  4523 | D:5      | Became a worshipper of Dithmenos the Shadowed
  4652 | D:6      | Reached XP level 8. HP: 61/61 MP: 11/11
  4658 | D:6      | Reached skill level 7 in Stealth
  4780 | D:6      | Killed from afar by an orc wizard

Illustrated notes

Levels and vault maps discovered:
D:1:      roderic_chinese_lattice_arrival, layout_rooms, serial_shops, shop,
          minmay_misc_feat_pillars
D:2:      minmay_razor_zed, layout_loops_corners, basic_altar
D:3:      layout_loops_ring, overflow_temple_1_default, serial_shops,
          nicolae_shop_tiny_waterfront
D:4:      layout_rooms, dk_yredelemnul_ordeal, kennysheep_diamond,
          minmay_misc_feat_plants
D:5:      layout_basic, cheibriados_altar_1, general_overflow_altar,
          nicolae_overflow_hidden_temple, uniq_grinder
D:6:      layout_layer_cave, mainiacjoe_overflow_concentric_impassable,
          grunt_gozag_statues, mainiacjoe_overflow_large_starburst

Skill      XL: |  1  2  3  4  5  6  7  8 |
---------------+-------------------------+-----
Stealth        | 1 2 3 4 5 6 7 |  7.0
Fighting       | 2 3 4 |  4.5
Short Blades   | 4 5 6 |  6.0
Dodging        | 3 4 5 |  5.2
Spellcasting   | |  2.2
Conjurations   | |  2.4

Action                     |  1- 3 |  4- 6 |  7- 9 || total
---------------------------+-------+-------+-------++-------
  Melee: Short sword       |    65 |       |       ||    65
         Bite              |     7 |    16 |     2 ||    25
         Falchion          |    79 |   185 |    53 ||   317
         Punch             |     1 |       |     1 ||     2
         Dagger            |       |     4 |       ||     4
         Rapier            |       |       |    13 ||    13
   Cast: Kiss of Death     |     3 |     1 |       ||     4
         Blink             |       |       |     4 ||     4
  Evoke: Wand              |       |    18 |       ||    18
    Use: Scroll            |       |     6 |     1 ||     7
         Potion            |       |     4 |     5 ||     9
   Stab: Sleeping          |     2 |     4 |     7 ||    13
 Armour: Leather armour    |    65 |    79 |    29 ||   173
  Dodge: Dodged            |    84 |   136 |    57 ||   277
